Map: Zona del Vuoto

Players

Friman

  • Race: Zerg Zerg

iAlex

  • Race: Terran Terran

Osprey

  • Race: Protoss Protoss

NEIO

  • Race: Protoss Protoss

skylander

  • Race: Protoss Protoss

haunis

  • Race: Zerg Zerg

yoda

  • Race: Zerg Zerg

Jhyrachy

  • Race: Terran Terran
  • League: Gold

VOD

Have the link to the VOD?

Description

Time

  • Played on: May 6, 2016, 3:37 p.m.
  • Length: 25:20
Show
View Real Time Build Order
Export as new Build Order

Friman Zerg 

Build Orders: Pool First 

Get SALT Encoding   

  12  0:02  Drone  
  13  0:08  Drone  
  14  0:18  Overlord  
  14  0:37  Drone x3  
  17  0:48  Spawning Pool  
  17  0:49  Drone  
  17  0:52  Extractor  
  16  1:14  Drone x2  
  18  1:26  Drone  
  18  1:32  Extractor  
  18  1:33  Hatchery, Drone  
  18  1:41  Queen  
  20  1:48  Drone  
  20  1:53  Drone  
  22  2:04  Roach Warren  
  22  2:05  Drone  
  22  2:16  Overlord  
  22  2:21  Lair  
  22  2:29  Overlord  
  22  2:46  Roach x2  
  22  2:47  Roach  
  28  3:04  Drone x3  
  31  3:06  Drone  
  32  3:34  Drone x2  
  32  3:36  Drone  
  32  3:41  Burrow  
  35  3:44  Glial Reconstitution  
  29  4:00  Roach  
  29  4:01  Roach x3  
  37  4:19  Overlord  
  37  4:20  Overlord x2  
  37  4:36  Hatchery  
  36  4:43  Overseer  
  36  5:21  Roach x5  
  42  5:52  Roach x3  
  42  6:12  Roach x5  
  42  6:13  Roach  
  54  6:35  Roach x3  
  58  6:50  Overseer x3  
  58  7:03  Overlord x5  
  56  7:14  Hydralisk Den  
  43  7:39  Drone x4  
  43  7:40  Drone x2  
  45  7:58  Hydralisk x2  
  37  8:21  Hydralisk  
  37  8:22  Hydralisk x3  
  43  8:27  Muscular Augments  
  39  8:38  Drone x3  
  42  8:48  Hydralisk x2  
  42  8:55  Drone x3  
  49  9:06  Extractor  
  48  9:22  Spore Crawler  
  48  9:23  Spore Crawler  
  46  9:24  Spore Crawler  
  46  9:25  Spore Crawler, Drone x5  
  49  9:41  Hydralisk  
  49  9:42  Hydralisk  
  53  9:45  Hydralisk  
  55  9:57  Extractor  
  54  10:06  Hydralisk x4  
  62  10:18  Hydralisk x2  
  62  10:19  Hydralisk  
  68  10:36  Pneumatized Carapace  
  68  10:38  Overseer x2  
  68  10:53  Hatchery  
  67  11:15  Drone x2  
  67  11:16  Drone  
  70  11:25  Hydralisk x3  
  72  11:28  Evolution Chamber  
  75  11:46  Overlord x2  
  75  11:47  Overlord x2  
  75  11:56  Zerg Missile Weapons Level 1  
  75  12:16  Hydralisk x3  
  75  12:17  Hydralisk  
  83  12:30  Hydralisk  
  83  12:31  Hydralisk x2  
  89  12:41  Drone x4  
  89  12:42  Drone  
  65  13:35  Hydralisk x3  
  65  13:36  Hydralisk x5  
  65  13:37  Hydralisk  
  60  13:55  Hydralisk x2  
  54  14:18  Extractor  
  54  14:20  Extractor  
  48  14:58  Hydralisk  
  36  15:08  Hydralisk  
  38  15:23  Hydralisk  
  38  15:24  Hydralisk  
  42  15:31  Overseer  
  40  16:10  Hydralisk x2  
  40  16:11  Hydralisk x2  
  48  16:26  Hydralisk  
  48  16:30  Zergling x6  
  53  16:47  Hatchery, Hydralisk x2  
  53  16:48  Hydralisk  
  55  17:20  Hydralisk  
  55  17:21  Hydralisk x2  
  61  17:28  Extractor  
  56  17:35  Hydralisk  
  56  17:36  Hydralisk  
  58  17:44  Hydralisk  
  52  18:04  Hydralisk x2  
  54  18:09  Hydralisk  
  54  18:20  Zergling x4  
  54  18:21  Zergling x6  
  55  18:27  Hydralisk  
  57  18:47  Hydralisk  
  57  18:48  Hydralisk x3  
  60  19:04  Hydralisk x2  
  60  19:05  Hydralisk  
  62  19:21  Hydralisk  
  62  19:22  Hydralisk x2  
  66  19:36  Zergling x4  
  66  19:43  Extractor, Drone x2  
  66  19:44  Drone  
  68  20:09  Hydralisk x3  
  68  20:10  Hydralisk x3  
  80  20:21  Hydralisk  
  80  20:22  Hydralisk  
  84  20:40  Hydralisk x2  
  86  20:57  Hydralisk  
  86  20:58  Hydralisk x2  
  86  21:03  Overlord  
  90  21:17  Hatchery, Hydralisk x2  
  86  21:35  Hydralisk  
  86  21:36  Hydralisk x4  
  85  21:58  Hydralisk x3  
  85  21:59  Hydralisk  
  86  22:17  Hydralisk x2  
  86  22:22  Hydralisk x2  
  94  22:29  Hydralisk  
  84  22:46  Hydralisk x3  
  90  22:58  Hydralisk  
  90  22:59  Hydralisk  
  92  23:12  Hydralisk  
  90  23:13  Hydralisk  
  91  23:21  Hydralisk  
  91  23:22  Hydralisk  
  95  23:36  Hydralisk  
  95  23:37  Hydralisk  
  99  23:45  Extractor  
  96  24:02  Hydralisk x2  
  90  24:03  Hydralisk  
  90  24:09  Drone  
  97  24:12  Drone  
  98  24:22  Hydralisk  
  98  24:23  Hydralisk  
Show
View Real Time Build Order
Export as new Build Order

iAlex Terran 

Build Orders:  

Get SALT Encoding   

  12  0:44  SCV  
  13  0:56  SCV  
  14  1:03  Refinery  
  14  1:06  Supply Depot  
  14  1:08  SCV  
  15  1:28  SCV  
  15  1:32  Barracks  
  16  1:35  Refinery  
  16  1:40  SCV  
  17  1:52  SCV  
  18  1:55  Command Center  
  18  2:04  SCV  
  19  2:16  SCV  
  20  2:28  SCV, Factory  
  21  2:40  SCV  
  22  2:53  SCV  
  23  3:06  Marine, SCV  
  23  3:08  Supply Depot  
  25  3:13  Factory Tech Lab  
  25  3:14  Armory  
  25  3:18  SCV x2  
  27  3:24  Marine  
  28  3:30  SCV x2  
  28  3:31  Supply Depot  
  30  3:42  SCV  
  30  3:43  SCV  
  32  3:54  Supply Depot, SCV  
  32  3:55  SCV  
  34  3:59  Engineering Bay  
  34  4:01  Thor  
  34  4:02  Factory  
  40  4:03  Terran Vehicle Weapons Level 1  
  40  4:06  SCV  
  41  4:12  Supply Depot  
  41  4:15  Supply Depot  
  41  4:24  Marine  
  41  4:42  Marine  
  32  5:00  Marine  
  30  5:16  Factory Tech Lab  
  30  5:17  Thor  
  26  5:42  Thor  
  16  5:59  Thor  
  21  6:05  SCV  
  22  6:12  SCV  
  22  6:17  SCV  
  24  6:24  SCV  
  24  6:25  Thor  
  31  6:30  SCV  
  32  6:36  SCV  
  33  6:42  SCV  
  34  6:48  SCV  
  34  6:54  SCV  
  36  7:00  SCV  
  37  7:06  SCV  
  38  7:35  Supply Depot  
  38  7:36  Supply Depot  
  38  7:56  Thor  
  38  7:57  SCV x2  
  38  7:58  Thor, Supply Depot  
  52  8:09  SCV x2  
  54  8:15  Barracks Tech Lab  
  54  8:17  Terran Vehicle Weapons Level 2  
  54  8:21  SCV x2  
  54  8:24  Supply Depot  
  54  8:26  Supply Depot  
  56  8:33  SCV x2  
  58  8:45  SCV x2  
  60  8:51  Refinery  
  60  8:57  SCV x2  
  60  8:59  Engineering Bay  
  62  9:09  SCV  
  63  9:17  SCV  
  63  9:21  SCV  
  63  9:24  Supply Depot  
  65  9:25  Supply Depot  
  65  9:29  SCV  
  66  9:34  Missile Turret  
  66  9:41  SCV  
  67  9:46  Thor  
  73  9:56  Missile Turret  
  73  9:57  Refinery, Supply Depot  
  73  10:19  Missile Turret  
  73  10:21  Supply Depot  
  73  10:23  Thor  
  79  10:29  Thor  
  79  10:33  Terran Vehicle And Ship Armor Level 1  
  85  10:37  Factory  
  85  10:46  Missile Turret  
  85  10:47  Orbital Command  
  85  11:08  Command Center  
  85  11:09  Missile Turret  
  85  11:15  Thor  
  91  11:27  SCV  
  91  11:31  Missile Turret  
  91  11:32  Supply Depot  
  92  11:39  SCV  
  93  11:42  Factory Tech Lab  
  93  11:43  Supply Depot  
  93  11:51  Thor, SCV  
  100  11:54  Missile Turret  
  100  12:03  SCV  
  100  12:05  Thor  
  107  12:15  SCV  
  108  12:24  Refinery  
  108  12:31  Thor  
  108  12:34  Thor  
  120  12:37  SCV  
  121  12:48  Supply Depot  
  121  12:49  SCV  
  122  13:01  SCV  
  111  13:21  Thor x3  
  109  15:03  Barracks  
  109  15:04  Supply Depot  
  109  15:05  Supply Depot  
  109  15:14  Supply Depot  
  109  15:37  Supply Depot  
  109  15:46  Refinery  
  109  15:52  Factory  
  109  15:56  Command Center  
  109  15:59  Orbital Command  
  109  16:04  Factory  
  109  16:39  Factory  
  73  17:07  Factory Tech Lab x2  
  67  17:09  Armory  
  67  17:13  Orbital Command  
  49  17:24  Factory  
  49  17:43  Factory Tech Lab  
  49  17:44  Engineering Bay  
  49  17:54  Barracks Tech Lab  
  49  18:01  Factory  
  49  18:03  Thor x3  
  67  18:23  Terran Vehicle And Ship Armor Level 2  
  67  18:25  Command Center  
  67  18:26  Factory Tech Lab  
  61  18:46  Thor x3  
  79  18:58  Missile Turret  
  79  19:17  Command Center  
  79  19:22  Thor, Factory Tech Lab  
  85  19:28  Thor  
  85  19:29  Thor x2  
  103  19:32  Supply Depot  
  103  19:44  Command Center  
  103  19:54  Thor, Supply Depot  
  109  20:05  Thor  
  114  20:39  Terran Vehicle Weapons Level 3  
  114  21:34  Thor  
  114  21:35  Thor x3  
  138  21:40  Refinery  
  138  22:06  Refinery  
  132  23:03  Thor x4  
  156  23:18  SCV  
  157  23:30  SCV  
  158  23:42  SCV  
  159  23:54  SCV  
  142  24:28  Starport  
  142  24:30  Starport x2  
  142  24:32  Refinery, Supply Depot  
  142  24:33  Refinery  
  142  24:35  Thor x3  
  160  24:55  Supply Depot  
Show
View Real Time Build Order
Export as new Build Order

Osprey Protoss 

Build Orders: Dark Templar Rush 

Get SALT Encoding   

  12  0:02  Probe (Chrono Boost)  
  13  0:22  Assimilator  
  13  0:24  Pylon  
  13  0:25  Probe (Chrono Boost)  
  14  0:40  Probe (Chrono Boost)  
  15  0:49  Gateway  
  15  0:54  Probe (Chrono Boost)  
  16  0:59  Assimilator  
  16  1:05  Probe (Chrono Boost)  
  17  1:15  Pylon  
  17  1:30  Gateway  
  17  1:38  Pylon  
  17  1:53  Cybernetics Core  
  17  2:01  Probe (Chrono Boost)  
  18  2:12  Probe (Chrono Boost)  
  19  2:24  Probe (Chrono Boost)  
  20  2:33  Twilight Council  
  20  2:39  Probe (Chrono Boost)  
  21  2:50  Stalker  
  23  2:55  Stalker  
  25  3:18  Dark Shrine  
  25  3:25  Stalker  
  27  3:28  Stalker  
  29  4:45  Dark Templar  
  31  4:50  Dark Templar  
  33  5:24  Dark Templar  
  35  5:34  Dark Templar  
  37  6:03  Dark Templar  
  33  6:53  Dark Templar  
  33  7:16  Stalker  
  31  8:32  Stalker x2  
  35  9:02  Stalker x2  
  37  9:32  Stalker  
  37  9:37  Warp Gate  
  39  10:39  Pylon  
  39  10:41  Pylon  
  39  10:57  Stalker x2  
  43  11:27  Stalker  
  43  11:29  Stalker  
  47  12:01  Dark Templar  
  47  12:02  Stalker  
  33  14:22  Dark Templar  
  33  14:23  Dark Templar  
  27  19:30  Stalker  
Show
View Real Time Build Order
Export as new Build Order

NEIO Protoss 

Build Orders:  

Get SALT Encoding   

  12  0:01  Probe (Chrono Boost)  
  13  0:15  Pylon  
  13  0:19  Probe (Chrono Boost)  
  14  0:30  Probe (Chrono Boost)  
  15  0:38  Gateway  
  15  0:48  Gateway  
  15  0:51  Probe (Chrono Boost)  
  16  0:57  Assimilator  
  16  1:02  Probe (Chrono Boost)  
  17  1:26  Cybernetics Core  
  17  1:31  Gateway  
  17  1:34  Pylon  
  17  1:37  Probe (Chrono Boost)  
  18  1:43  Zealot  
  20  1:48  Probe (Chrono Boost)  
  21  2:04  Assimilator  
  21  2:13  Stalker  
  21  2:15  Stalker  
  25  2:19  Warp Gate (Chrono Boost)  
  25  2:22  Probe  
  26  2:44  Nexus  
  26  2:49  Probe  
  27  2:52  Stalker  
  27  2:53  Sentry  
  31  3:02  Pylon  
  31  3:16  Robotics Facility  
  31  3:18  Pylon  
  31  3:22  Pylon  
  31  3:27  Probe  
  32  3:40  Gateway  
  32  3:45  Gateway  
  32  3:47  Probe  
  33  4:15  Immortal  
  37  4:17  Zealot  
  37  4:18  Zealot  
  37  4:19  Sentry  
  37  4:22  Gateway  
  43  4:25  Gateway  
  43  4:29  Gateway  
  43  4:33  Pylon  
  43  4:40  Probe  
  44  4:53  Adept  
  44  4:54  Adept  
  44  4:56  Sentry  
  44  4:57  Zealot x2  
  54  5:08  Pylon  
  54  5:11  Pylon  
  54  5:13  Pylon  
  54  6:10  Nexus  
  54  6:16  Nexus  
  54  6:29  Immortal  
  54  6:30  Stalker x2  
  54  6:31  Stalker  
  54  6:32  Sentry x2  
  68  6:52  Pylon  
  68  7:11  Stalker  
  68  7:12  Stalker x2  
  68  7:13  Zealot x2  
  70  7:33  Stalker x2  
  70  7:49  Probe  
  70  7:50  Probe  
  72  7:59  Probe  
  72  8:01  Probe  
  74  8:10  Probe  
  74  8:11  Probe  
  76  8:20  Probe  
  76  8:22  Probe  
  78  8:31  Probe, Forge  
  78  8:33  Probe  
  78  8:34  Forge  
  79  8:35  Forge  
  79  8:39  Robotics Bay  
  80  8:42  Twilight Council  
  64  8:59  Stalker x4  
  58  9:20  Immortal  
  58  9:21  Stalker x2  
  58  9:22  Sentry, Stalker  
  70  9:25  Probe  
  71  9:35  Probe  
  72  9:42  Protoss Ground Weapons Level 1, Protoss Ground Armor Level 1  
  72  9:43  Protoss Shields Level 1  
  72  9:46  Probe x2  
  74  9:56  Probe  
  74  9:59  Blink  
  75  10:11  Stargate  
  75  10:13  Stargate  
  75  10:14  Assimilator  
  75  10:20  Assimilator x2  
  75  10:24  Assimilator  
  75  10:35  Pylon  
  75  10:37  Stargate  
  75  10:43  Stargate  
  75  10:45  Probe  
  76  10:56  Probe  
  77  11:06  Probe  
  78  11:15  Nexus  
  78  11:16  Void Ray (Chrono Boost)  
  78  11:17  Probe  
  82  11:18  Void Ray (Chrono Boost)  
  87  11:29  Probe  
  92  11:33  Void Ray (Chrono Boost)  
  92  11:40  Probe  
  92  11:42  Probe  
  94  11:52  Probe  
  94  11:54  Probe  
  96  11:59  Void Ray (Chrono Boost)  
  100  12:04  Probe  
  100  12:05  Void Ray (Chrono Boost)  
  105  12:16  Probe  
  105  12:19  Cybernetics Core  
  105  12:22  Protoss Air Weapons Level 1  
  106  12:26  Void Ray (Chrono Boost)  
  106  12:28  Probe  
  111  12:39  Assimilator  
  111  12:40  Probe  
  111  12:43  Assimilator  
  112  12:45  Probe  
  112  12:46  Pylon  
  112  12:48  Pylon  
  113  12:52  Probe, Pylon  
  113  12:55  Void Ray (Chrono Boost)  
  118  13:04  Probe  
  119  13:08  Protoss Air Armor Level 1  
  119  13:16  Probe  
  121  13:20  Probe  
  121  13:23  Void Ray (Chrono Boost)  
  125  13:28  Probe  
  125  13:32  Probe  
  127  13:36  Fleet Beacon  
  127  13:40  Probe  
  128  13:44  Probe, Void Ray (Chrono Boost)  
  128  13:45  Void Ray (Chrono Boost)  
  137  13:53  Probe  
  138  13:56  Probe  
  127  14:05  Void Ray x2 (Chrono Boost)  
  119  14:22  Void Ray x2 (Chrono Boost)  
  125  14:42  Void Ray (Chrono Boost)  
  125  14:43  Carrier (Chrono Boost)  
  135  14:59  Carrier (Chrono Boost)  
  141  15:05  Protoss Air Weapons Level 2  
  141  15:06  Protoss Air Armor Level 2  
  141  15:10  Carrier (Chrono Boost)  
  133  15:20  Carrier (Chrono Boost)  
  111  15:30  Observer  
  104  15:51  Observer  
  111  15:58  Carrier (Chrono Boost)  
  111  16:14  Carrier (Chrono Boost)  
  113  16:24  Carrier (Chrono Boost)  
  119  16:33  Observer  
  119  16:35  Carrier (Chrono Boost)  
  126  16:40  Pylon  
  126  16:42  Pylon  
  126  16:45  Pylon  
  126  16:47  Photon Cannon  
  126  16:48  Pylon  
  126  16:50  Photon Cannon  
  126  16:53  Pylon  
  126  16:54  Photon Cannon  
  126  16:58  Photon Cannon  
  126  17:01  Photon Cannon  
  126  17:05  Photon Cannon  
  126  17:12  Carrier (Chrono Boost)  
  132  17:29  Carrier (Chrono Boost)  
  138  17:39  Carrier (Chrono Boost)  
  144  17:49  Carrier (Chrono Boost)  
  150  17:56  Photon Cannon  
  150  17:58  Photon Cannon  
  150  18:00  Photon Cannon  
  150  18:02  Photon Cannon  
  150  18:04  Photon Cannon  
  144  18:09  Photon Cannon  
  124  18:27  Carrier (Chrono Boost)  
  92  18:43  Carrier (Chrono Boost)  
  98  18:53  Carrier (Chrono Boost)  
  108  19:03  Void Ray (Chrono Boost)  
  108  19:05  Nexus  
  108  19:40  Void Ray x2 (Chrono Boost)  
  116  19:57  Void Ray (Chrono Boost)  
  120  20:01  Nexus  
  124  20:07  Void Ray (Chrono Boost)  
  120  20:17  Void Ray (Chrono Boost)  
  120  20:18  Void Ray (Chrono Boost)  
  128  20:24  Protoss Air Weapons Level 3  
  128  20:35  Carrier (Chrono Boost)  
  134  20:44  Void Ray (Chrono Boost)  
  138  20:57  Void Ray (Chrono Boost)  
  138  21:03  Void Ray (Chrono Boost)  
  128  21:22  Void Ray (Chrono Boost)  
  116  21:35  Void Ray (Chrono Boost)  
  124  21:40  Void Ray (Chrono Boost)  
  124  21:49  Void Ray (Chrono Boost)  
  128  21:59  Void Ray (Chrono Boost)  
  126  22:12  Void Ray (Chrono Boost)  
  130  22:17  Void Ray (Chrono Boost)  
  134  22:26  Carrier (Chrono Boost)  
  140  22:36  Void Ray (Chrono Boost)  
  130  22:49  Void Ray (Chrono Boost)  
  81  23:13  Void Ray x2 (Chrono Boost)  
  89  23:23  Void Ray (Chrono Boost)  
  93  23:30  Carrier (Chrono Boost)  
  93  23:36  Assimilator  
  93  23:40  Assimilator, Graviton Catapult (Chrono Boost), Carrier (Chrono Boost)  
  99  23:43  Carrier (Chrono Boost)  
  107  24:15  Void Ray  
  107  24:41  Pylon  
  107  24:44  Pylon  
  107  24:46  Pylon  
  107  24:48  Pylon  
  107  24:51  Pylon  
  107  24:58  Pylon  
Show
View Real Time Build Order
Export as new Build Order

skylander Protoss 

Build Orders:  

Get SALT Encoding   

  12  0:01  Probe (Chrono Boost)  
  13  0:11  Probe (Chrono Boost)  
  14  0:19  Pylon  
  14  0:23  Probe (Chrono Boost)  
  15  0:38  Gateway  
  15  0:40  Probe (Chrono Boost)  
  16  0:50  Probe (Chrono Boost)  
  16  0:52  Assimilator  
  17  1:01  Probe (Chrono Boost)  
  17  1:03  Pylon  
  18  1:11  Probe (Chrono Boost)  
  18  1:18  Assimilator  
  19  1:25  Cybernetics Core  
  19  1:30  Cybernetics Core  
  19  1:34  Probe (Chrono Boost)  
  20  1:44  Probe (Chrono Boost)  
  21  1:55  Probe (Chrono Boost)  
  22  2:19  Mothership Core (Chrono Boost)  
  22  2:21  Nexus  
  24  2:31  Stargate  
  24  2:40  Pylon  
  24  2:45  Pylon  
  24  2:47  Probe (Chrono Boost)  
  25  2:57  Protoss Air Weapons Level 1  
  25  3:03  Probe (Chrono Boost)  
  26  3:14  Probe (Chrono Boost)  
  26  3:19  Stargate  
  27  3:27  Forge  
  27  3:42  Stargate  
  27  3:51  Gateway  
  27  3:55  Gateway  
  27  4:02  Probe (Chrono Boost)  
  28  4:04  Probe (Chrono Boost)  
  29  4:10  Photon Cannon  
  29  4:22  Photon Cannon  
  29  4:24  Probe (Chrono Boost)  
  29  4:28  Probe (Chrono Boost)  
  31  4:38  Probe (Chrono Boost)  
  31  4:42  Photon Cannon  
  32  4:47  Photon Cannon  
  32  4:55  Pylon  
  32  5:01  Photon Cannon  
  32  5:11  Photon Cannon  
  32  5:16  Photon Cannon  
  32  5:23  Probe (Chrono Boost)  
  32  5:27  Assimilator  
  33  5:32  Assimilator  
  33  5:33  Probe (Chrono Boost)  
  33  5:35  Probe (Chrono Boost)  
  35  5:44  Probe (Chrono Boost)  
  35  5:45  Probe (Chrono Boost)  
  37  5:54  Probe (Chrono Boost)  
  37  5:56  Probe (Chrono Boost)  
  39  5:58  Void Ray  
  43  6:06  Probe (Chrono Boost)  
  44  6:15  Nexus  
  44  6:40  Void Ray  
  44  6:42  Void Ray  
  44  6:45  Void Ray  
  56  6:52  Pylon  
  56  6:57  Pylon  
  56  7:00  Probe (Chrono Boost)  
  57  7:11  Probe (Chrono Boost)  
  58  7:21  Probe (Chrono Boost)  
  59  7:27  Oracle (Chrono Boost)  
  59  7:29  Void Ray (Chrono Boost)  
  66  7:32  Probe  
  71  7:38  Protoss Air Armor Level 1, Void Ray (Chrono Boost)  
  71  7:41  Fleet Beacon  
  71  7:44  Probe  
  71  7:48  Probe  
  73  7:58  Probe  
  73  8:01  Zealot  
  76  8:09  Probe  
  77  9:08  Void Ray (Chrono Boost)  
  89  9:14  Void Ray x2 (Chrono Boost)  
  89  9:17  Stargate  
  89  9:18  Stargate  
  89  9:21  Stargate, Probe  
  89  9:23  Stargate  
  90  9:25  Assimilator  
  90  9:30  Assimilator  
  90  9:31  Probe  
  91  9:39  Protoss Air Armor Level 2 (Chrono Boost)  
  91  9:41  Protoss Shields Level 1  
  91  9:42  Probe  
  92  9:54  Void Ray (Chrono Boost)  
  96  10:25  Pylon  
  96  10:26  Pylon  
  96  10:29  Pylon  
  96  10:31  Pylon  
  96  10:33  Pylon  
  100  10:36  Void Ray (Chrono Boost)  
  100  10:42  Protoss Air Weapons Level 2 (Chrono Boost)  
  100  10:48  Void Ray (Chrono Boost)  
  110  11:15  Void Ray (Chrono Boost)  
  110  11:16  Void Ray x2 (Chrono Boost)  
  122  11:25  Void Ray  
  126  11:41  Photon Cannon  
  126  11:44  Photon Cannon  
  126  11:48  Photon Cannon  
  126  11:50  Photon Cannon  
  126  11:54  Pylon, Protoss Air Armor Level 3 (Chrono Boost)  
  126  11:55  Graviton Catapult  
  126  11:56  Pylon  
  126  12:04  Carrier  
  132  12:16  Robotics Facility  
  132  12:29  Pylon  
  132  12:33  Pylon  
  132  12:35  Pylon  
  132  12:47  Photon Cannon  
  132  12:51  Photon Cannon  
  132  12:55  Photon Cannon  
  132  13:15  Void Ray x4  
  132  13:16  Void Ray  
  152  13:29  Void Ray  
  84  15:05  Void Ray x6  
  84  15:06  Void Ray  
  112  15:12  Mothership Core  
  50  17:02  Tempest x4  
  50  17:03  Tempest x2  
  50  17:04  Tempest  
  78  17:25  Protoss Air Weapons Level 3 (Chrono Boost)  
  78  17:26  Observer  
  67  18:45  Tempest x2  
  67  18:46  Tempest x3  
  67  18:47  Tempest  
  91  19:05  Nexus  
  91  19:38  Twilight Council  
Show
View Real Time Build Order
Export as new Build Order

haunis Zerg 

Build Orders: Pool First 

Get SALT Encoding   

  12  0:05  Drone  
  13  0:10  Drone  
  14  0:29  Spawning Pool  
  13  0:45  Extractor  
  13  0:47  Overlord x2  
  13  0:48  Extractor  
  11  0:56  Drone  
  12  1:10  Drone x2  
  14  1:17  Queen  
  16  1:33  Drone x2  
  18  1:42  Drone  
  19  1:52  Drone  
  20  2:03  Drone  
  21  2:14  Lair  
  21  2:56  Drone x2  
  23  3:17  Spire  
  22  3:20  Drone  
  22  3:24  Hatchery  
  22  4:33  Overlord x4  
  22  4:34  Overlord x2  
  22  4:39  Drone  
  22  4:40  Queen  
  25  4:50  Drone  
  26  4:55  Extractor  
  25  5:05  Extractor  
  24  5:09  Drone x2  
  26  5:18  Mutalisk x2  
  26  5:19  Mutalisk  
  32  5:27  Drone  
  33  5:37  Zerg Flyer Weapons Level 1  
  33  5:54  Mutalisk x4  
  33  5:55  Mutalisk  
  43  6:26  Mutalisk x3  
  43  6:30  Mutalisk x2  
  53  6:36  Drone x3  
  53  6:38  Drone x3  
  59  7:07  Mutalisk x3  
  44  7:41  Overseer  
  38  7:46  Mutalisk x3  
  44  8:19  Drone  
  45  8:37  Hatchery  
  40  9:20  Mutalisk x2  
  40  9:21  Mutalisk x3  
  50  9:39  Pneumatized Carapace  
  50  9:51  Queen  
  50  9:52  Drone  
  53  9:57  Drone x3  
  56  10:01  Drone  
  57  10:15  Drone  
  57  10:20  Mutalisk x2  
  62  10:59  Overlord x2  
  62  11:00  Overlord  
  62  11:02  Zerg Flyer Weapons Level 2  
  62  11:28  Drone x4  
  62  11:29  Drone x2  
  68  11:33  Mutalisk x3  
  68  11:34  Mutalisk x2  
  78  11:45  Infestation Pit  
  77  11:59  Hatchery  
  76  12:59  Mutalisk x3  
  76  13:00  Mutalisk x5  
  92  13:11  Mutalisk x2  
  38  14:38  Mutalisk x2  
  38  14:39  Mutalisk x2  
  34  14:53  Hatchery  
  25  15:06  Drone x3  
  28  15:08  Drone x3  
  31  15:49  Extractor  
  30  15:50  Extractor  
  30  15:52  Drone x3  
  23  16:27  Drone x3  
  23  16:31  Queen  
  28  16:38  Queen  
  30  16:40  Drone x3  
  33  17:02  Drone x3  
  33  17:04  Drone  
  33  17:05  Drone  
Show
View Real Time Build Order
Export as new Build Order

yoda Zerg 

Build Orders: Pool First 

Get SALT Encoding   

  12  0:03  Drone  
  13  0:11  Drone  
  14  0:19  Overlord  
  14  0:36  Spawning Pool  
  14  0:39  Drone  
  15  0:42  Drone  
  15  0:46  Drone  
  16  0:51  Drone  
  17  1:00  Extractor  
  16  1:05  Evolution Chamber  
  16  1:07  Extractor, Drone  
  15  1:13  Drone  
  16  1:22  Queen  
  16  1:25  Drone  
  19  1:33  Overlord  
  19  1:53  Zergling x2  
  20  1:57  Metabolic Boost  
  20  2:05  Zergling x2  
  21  2:12  Zergling x2  
  22  2:27  Zergling x2  
  22  2:29  Zergling x2  
  24  2:37  Hatchery  
  24  2:41  Zerg Melee Weapons Level 1  
  23  2:46  Zergling x2  
  24  2:51  Zergling x2  
  26  2:58  Zergling x2  
  26  3:06  Zergling x4  
  26  3:11  Zergling x2  
  29  3:16  Zergling x2  
  30  3:25  Overlord  
  30  3:43  Lair  
  30  3:46  Drone  
  31  3:56  Drone x2  
  32  4:24  Drone x5  
  33  4:25  Drone  
  38  4:33  Spore Crawler  
  37  4:45  Zerg Ground Armor Level 1  
  37  4:49  Drone x2  
  39  5:06  Hydralisk Den  
  38  5:13  Evolution Chamber  
  32  5:15  Spore Crawler  
  32  5:17  Overlord x2  
  28  5:37  Muscular Augments  
  28  5:39  Zerg Missile Weapons Level 1  
  27  5:44  Drone x3  
  30  5:58  Hydralisk  
  30  5:59  Hydralisk x2  
  35  6:08  Queen  
  35  6:11  Drone  
  37  6:21  Hydralisk  
  37  6:22  Hydralisk  
  41  6:31  Drone x3  
  44  6:37  Hydralisk  
  44  6:38  Hydralisk  
  48  6:49  Zerg Ground Armor Level 2  
  48  7:11  Spore Crawler x2  
  48  7:14  Spine Crawler  
  48  7:15  Spine Crawler  
  42  7:21  Spore Crawler  
  37  7:33  Overseer  
  37  7:35  Hydralisk x4  
  37  7:36  Hydralisk  
  47  7:42  Drone  
  47  7:43  Drone  
  49  8:01  Spine Crawler  
  49  8:02  Extractor  
  49  8:04  Extractor  
  49  8:05  Drone x4  
  42  8:26  Drone x3  
  45  8:32  Spore Crawler  
  44  8:35  Spine Crawler  
  44  8:39  Spine Crawler  
  42  8:42  Spore Crawler  
  42  8:44  Drone x4  
  45  8:54  Hydralisk x3  
  51  9:00  Zerg Missile Weapons Level 2  
  51  9:09  Infestation Pit  
  50  9:12  Zerg Melee Weapons Level 2  
  50  9:22  Drone x4  
  54  9:34  Drone x2  
  54  9:35  Drone  
  57  9:51  Hydralisk  
  59  9:55  Overlord x3  
  59  10:03  Hive  
  59  10:07  Overlord x2  
  59  10:14  Hydralisk  
  59  10:16  Hydralisk  
  63  10:30  Hydralisk x2  
  67  10:38  Hydralisk x2  
  71  10:58  Hydralisk x2  
  75  11:08  Hydralisk x2  
  79  11:11  Pneumatized Carapace  
  79  11:21  Zerg Missile Weapons Level 3  
  79  11:32  Hatchery  
  78  11:34  Zerg Ground Armor Level 3  
  78  11:50  Hydralisk x3  
  78  11:52  Hydralisk  
  86  12:03  Hydralisk x2  
  90  12:14  Hydralisk x3  
  96  12:21  Hydralisk x2  
  100  12:55  Overlord x3  
  100  12:56  Overlord x5  
  62  13:20  Hydralisk x2  
  62  13:21  Hydralisk x2  
  62  13:22  Hydralisk x3  
  76  13:43  Hydralisk x3  
  76  13:45  Hydralisk x2  
  72  14:21  Hydralisk x2  
  72  14:22  Hydralisk  
  72  14:23  Hydralisk x4  
  72  14:24  Hydralisk  
  70  14:44  Hydralisk x2  
  74  14:52  Zerg Melee Weapons Level 3  
  54  15:31  Hydralisk x2  
  54  15:32  Hydralisk  
  54  15:33  Hydralisk x5  
  62  15:42  Overseer x2  
  62  16:05  Hydralisk x2  
  62  16:06  Hydralisk  
  68  16:17  Hydralisk x3  
  52  16:37  Hydralisk x2  
  50  17:01  Hydralisk  
  50  17:02  Hydralisk x2  
  50  17:20  Hydralisk x2  
  48  17:41  Hydralisk x2  
  52  17:46  Zergling x4  
  52  17:47  Zergling x2  
  51  18:00  Hydralisk x3  
  53  18:45  Hydralisk x2  
  53  18:46  Hydralisk x3  
  53  18:47  Hydralisk  
  58  19:29  Hatchery  
  45  20:29  Hydralisk x2  
  45  20:30  Hydralisk  
  51  20:36  Hydralisk  
  41  21:09  Hydralisk x3  
  41  21:11  Hydralisk x3  
  46  21:34  Hydralisk x3  
  40  21:47  Hydralisk Den  
  39  21:57  Hydralisk x2  
  43  22:18  Hydralisk  
  43  22:19  Hydralisk x3  
  47  22:36  Hydralisk x3  
  41  23:15  Hydralisk  
  41  23:16  Hydralisk x2  
  3  24:58  Spore Crawler x2  
  3  24:59  Spore Crawler  
Show
View Real Time Build Order
Export as new Build Order

Jhyrachy Terran 

Build Orders:  

Get SALT Encoding   

  12  0:01  SCV  
  13  0:14  SCV  
  14  0:26  SCV  
  15  0:30  Supply Depot  
  15  0:51  SCV  
  16  0:57  Barracks  
  16  1:03  SCV  
  17  1:04  Refinery  
  17  1:16  SCV  
  18  1:28  SCV  
  19  1:47  Supply Depot  
  19  1:54  Command Center, SCV  
  20  2:10  Barracks Tech Lab  
  20  2:11  Supply Depot  
  20  2:16  Orbital Command  
  20  2:23  Refinery  
  20  3:11  Orbital Command  
  20  3:14  Factory  
  20  3:17  Reaper  
  21  3:33  SCV  
  22  3:44  SCV  
  22  3:45  SCV  
  24  3:56  SCV  
  25  4:04  Starport  
  25  4:13  SCV  
  25  4:14  SCV  
  27  4:20  Refinery, Factory Tech Lab  
  27  4:25  SCV  
  27  4:26  SCV  
  29  4:38  SCV  
  29  4:50  Banshee  
  29  4:52  Cloaking Field  
  32  4:57  Siege Tank  
  35  5:08  SCV  
  35  5:12  SCV  
  35  5:13  Refinery  
  37  5:20  SCV  
  38  5:23  Barracks Tech Lab  
  38  5:24  SCV  
  38  5:25  Starport  
  39  5:32  SCV  
  39  5:33  Banshee  
  43  5:36  SCV  
  43  5:41  Cyclone  
  47  5:45  SCV  
  47  5:48  SCV  
  46  6:13  Siege Tank  
  3  7:35  Starport Tech Lab  
  3  7:56  Banshee  
  6  8:06  Orbital Command  
  6  8:35  SCV  
  6  8:38  Banshee  
  7  9:07  SCV  
  8  9:19  SCV  
  8  9:21  Banshee  
  12  9:31  SCV  
  13  9:43  SCV  
  14  9:51  Supply Depot  
  14  9:55  Liberator, SCV  
  15  10:12  SCV  
  19  10:14  Supply Depot  
  19  10:17  Refinery  
  19  10:20  Refinery  
  19  10:24  SCV  
  20  10:36  SCV  
  20  10:37  Supply Depot  
  21  10:48  SCV  
  22  10:50  Liberator  
  22  11:00  Supply Depot, SCV  
  26  11:13  SCV  
  27  11:25  SCV  
  28  11:33  Liberator  
  28  11:37  Fusion Core, SCV  
  29  11:48  Supply Depot  
  29  11:49  SCV  
  34  12:01  SCV  
  34  12:13  SCV  
  35  12:20  Engineering Bay  
  35  12:25  SCV  
  36  12:37  SCV  
  37  12:49  SCV  
  38  13:01  SCV  
  38  13:04  Missile Turret  
  39  13:08  Liberator  
  39  13:10  Command Center  
  39  13:14  SCV  
  39  13:16  Missile Turret  
  33  13:26  SCV  
  34  13:38  SCV  
  34  13:40  Advanced Ballistics  
  35  13:50  Liberator, SCV  
  35  13:55  Missile Turret  
  39  14:29  Missile Turret  
  39  14:31  Missile Turret  
  39  14:33  Liberator  
  42  15:16  Liberator  
  45  15:59  Liberator  
  38  16:36  SCV  
  39  16:42  Liberator  
  39  16:45  SCV  
  40  16:48  SCV  
  41  16:57  SCV  
  41  17:00  SCV  
  36  17:12  SCV  
  34  17:25  Orbital Command  
  12  19:46  Command Center  
  12  19:47  Orbital Command  
  12  19:49  Command Center  
  12  19:50  Command Center  
  12  19:51  Command Center  
  12  20:19  Command Center  
  12  20:34  Engineering Bay  
  12  20:58  Command Center  
  12  21:00  Planetary Fortress  
  8  21:33  Orbital Command  
  4  21:54  Neosteel Frame  
  3  23:03  Planetary Fortress  
  3  23:13  Building Armor  
  3  23:24  SCV  
  4  23:29  SCV  
  5  23:36  SCV  
  7  23:41  SCV  
  7  23:48  SCV  
  8  23:53  Missile Turret, SCV  
  9  23:58  Missile Turret  
  9  24:00  SCV  
  9  24:01  SCV  
  11  24:05  SCV  
  12  24:12  SCV  
  12  24:13  Missile Turret, SCV  
  14  24:17  SCV  
  14  24:22  Missile Turret  
  15  24:24  SCV  
  16  25:15  Command Center  
Tags
 
Add a new tag
Caveats
  • Supply blocks, unpowered buildings, or Contaminate may cause inaccurate times.
  • Supply counts are checked every 10 seconds.